 Dungeon Crawl Stone Soup version 0.20-a0-1101-g1de9d76 (webtiles) character file.

2044 AnCiEnTStOnEBeAsT the Spear-Bearer (level 9, -2/69 HPs)
             Began as a Mummy Fighter on May 4, 2017.
             Was an Initiate of Gozag.
             Hit by a stone thrown by an orc warrior (10 damage)
             ... on level 7 of the Dungeon.
             The game lasted 00:12:59 (7324 turns).

AnCiEnTStOnEBeAsT the Spear-Bearer (Mummy Fighter)  Turns: 7324, Time: 00:13:00

Health: -2/69      AC:  9    Str: 19    XL:     9   Next: 4%
Magic:  0/9        EV:  4    Int:  7    God:    Gozag
Gold:   943        SH:  9    Dex: 15    Spells: 8/8 levels left

rFire    x . .     SeeInvis +   a - +0 trident
rCold    + . .     Gourm    .   c - +0 shield
rNeg     + + +     Faith    .   e - +0 chain mail
rPois    ∞         Spirit   +   (no helmet)
rElec    .         Reflect  .   b - scarf {Spirit}
rCorr    .         Harm     .   g - +0 pair of gloves
MR       +....                  (no boots)
Stlth    ..........             (no amulet)
Regen    0.3/turn               f - ring of see invisible
MPRegen  0.2/turn               (no ring)

@: gold aura
A: no food or potions, fire vulnerability, cold resistance 1, negative energy
resistance 3, torment resistance, unbreathing
a: Potion Petition, Call Merchant, Bribe Branch, Renounce Religion


You were on level 7 of the Dungeon.
You worshipped Gozag.
Gozag was pleased with you.
You were not hungry.

You visited 1 branch of the dungeon, and saw 7 of its levels.

You collected 996 gold pieces.
You paid 53 gold pieces to Gozag.

Inventory:

Hand Weapons
 a - a +0 trident (weapon)
 s - a +0 halberd
Missiles
 i - 2 poisoned javelins (quivered)
 q - a throwing net
Armour
 b - a scarf of spirit shield (worn)
 c - a +0 shield (worn)
 e - a +0 chain mail (worn)
 g - a +0 pair of gloves (worn)
Jewellery
 f - a ring of see invisible (left hand)
Scrolls
 d - 4 scrolls of amnesia {unknown}
 h - 3 scrolls of enchant weapon {unknown}
 j - a scroll of noise {unknown}
 k - 2 scrolls of remove curse {unknown}
 l - 2 scrolls of identify
 m - 2 scrolls of immolation {unknown}
 n - a scroll of recharging {unknown}
 o - 3 scrolls of enchant armour
 p - 3 scrolls of teleportation
 r - a scroll of blinking
 t - a scroll of random uselessness {unknown}
 u - a scroll of magic mapping {unknown}


   Skills:
 + Level 5.7 Fighting
 * Level 9.2 Polearms
 - Level 2.4 Armour
 - Level 2.4 Shields


You had 8 spell levels left.
You didn't know any spells.

Dungeon Overview and Level Annotations

Branches:
Dungeon (7/15)             Temple (0/1) D:7

Altars:
Dithmenos
Gozag
Makhleb
Qazlal
Wu Jian
The Shining One

Shops:
D:6 ?

Annotations:
D:3 George's ghost, amateur MiFi


Innate Abilities, Weirdness & Mutations

You do not eat or drink.
Your flesh is vulnerable to fire.
You are immune to poison.
Your flesh is cold resistant. (rC+)
You are immune to negative energy. (rN+++)
You are immune to unholy pain and torment.
You can survive without breathing.


Message History

Throwing (i - inventory. (,) - cycle):
i - 3 poisoned javelins (quivered)
Press: ? - help, Shift-Dir - straight line, f/p - orc warrior
Aim: an orc warrior, wielding a trident and wearing a plate armour (moderately wounded, poisoned, slightly transparent)
You throw a poisoned javelin.
The poisoned javelin barely misses the orc warrior.
The orc warrior hits you from afar with a trident.
The orc warrior hits you from afar with a trident!
* * * LOW HITPOINT WARNING * * *
You see here a tomahawk.
Items here: )))) [ a mace; a dagger; a trident; a leather armour; a short sword
Things that are here:
a dagger of electrocution; a tomahawk The orc warrior throws a stone.
The stone hits you!
* * * LOW HITPOINT WARNING * * *
You see here a stone.
The orc is distracted by the nearby gold.
The orc warrior throws a stone.
The stone hits you!
You die...
Your body crumbles into a pile of gold.

###########
#.........#
#.#######.# #.# #.#
#.# #.# #.# #.#
################.#
#.#
####....o))(.@......#
#.##
......o(#############
#... ###....$.>......
############
##..##o########
........#
........(...%#
#######.####
......#$####o#
#.<.o.oo.o..
.#......#
#.#####.###.
........# #. #># #.#
#. .......(# #. #.#
#.# #.


You could see an orc warrior (invisible) and an orc (unaware).

Vanquished Creatures
  A phantom (D:6)
  A necrophage (D:6)
  4 centaurs
  5 ogres
  A big kobold (D:7)
  A bullfrog (D:7)
  A bullfrog zombie (D:6)
  A crimson imp (D:6)
  A centaur skeleton (D:4)
  3 hounds
  A jelly (D:6)
  2 orc priests
  2 bullfrog skeletons (D:5)
  An iguana (D:5)
  8 worker ants
  3 orc wizards
  A howler monkey skeleton (D:6)
  9 adders
  7 gnolls
  A shadow imp (D:5)
  2 oozes
  4 worms (D:2)
  2 dart slugs
  2 leopard geckos
  30 orcs
  2 ball pythons
  10 giant cockroaches
  11 goblins
  17 hobgoblins
  21 jackals
  12 kobolds
  2 quokkas
  6 bats
  6 frilled lizards
  A leopard gecko skeleton (D:6)
  3 rats
185 creatures vanquished.

Notes
Turn   | Place    | Note
-------+----------+-------------------------------------------
     0 | D:1      | AnCiEnTStOnEBeAsT the Mummy Fighter began the quest for the Orb.
     0 | D:1      | Reached XP level 1. HP: 18/18 MP: 1/1
   158 | D:1      | Reached XP level 2. HP: 18/24 MP: 2/2
   159 | D:1      | Reached skill level 2 in Polearms
   694 | D:1      | Reached XP level 3. HP: 26/29 MP: 3/3
  1100 | D:2      | Reached skill level 3 in Polearms
  1106 | D:2      | Reached XP level 4. HP: 37/37 MP: 4/4
  1913 | D:3      | Noticed George's ghost (amateur MiFi)
  2035 | D:3      | Found a stormy altar of Qazlal.
  2039 | D:3      | Found an ornate altar of the Wu Jian Council.
  2266 | D:2      | Reached XP level 5. HP: 36/42 MP: 3/5
  2297 | D:2      | Reached skill level 4 in Polearms
  2803 | D:3      | Found a shadowy altar of Dithmenos.
  2806 | D:3      | Found a glowing golden altar of the Shining One.
  2830 | D:3      | Found an opulent altar of Gozag.
  2886 | D:3      | Became a worshipper of Gozag Ym Sagoz the Greedy
  3032 | D:4      | Noticed an ogre
  3134 | D:4      | Noticed a centaur
  3157 | D:4      | Killed a centaur
  3157 | D:4      | Reached skill level 5 in Polearms
  3157 | D:4      | Reached XP level 6. HP: 22/48 MP: 4/6
  3530 | D:4      | Reached XP level 7. HP: 26/54 MP: 3/7
  3876 | D:4      | Reached skill level 6 in Polearms
  4606 | D:5      | Entered Level 5 of the Dungeon
  5277 | D:5      | Reached skill level 7 in Polearms
  5722 | D:5      | Reached XP level 8. HP: 49/61 MP: 3/8
  5861 | D:6      | Found Oxtot's Magic Scroll Shoppe.
  6052 | D:6      | Reached skill level 5 in Fighting
  6196 | D:6      | Reached skill level 8 in Polearms
  6836 | D:7      | Found a burning altar of Makhleb.
  7054 | D:7      | Reached skill level 9 in Polearms
  7188 | D:7      | Found a staircase to the Ecumenical Temple.
  7285 | D:7      | Reached XP level 9. HP: 50/69 MP: 9/9
  7324 | D:7      | Hit by a stone thrown by an orc warrior

Vault maps used:
D:1:      nicolae_arrival_memento_mori
D:3:      nicolae_overflow_hidden_temple, first_bread, minmay_fountain_box,
          nicolae_gozag_seed_capital
D:6:      serial_shops, nicolae_shop_waterfront
D:7:      old_standard_altar, minmay_temple_entry_statues_fountains

Skill      XL: |  1  2  3  4  5  6  7  8 |
---------------+-------------------------+-----
Polearms       | 2 3 5 7 9 |  9.2
Fighting       | 4 5 |  5.7
Armour         | |  2.4
Shields        | |  2.4

Action                   |  1- 3 |  4- 6 |  7- 9 || total
-------------------------+-------+-------+-------++-------
Melee: Trident           |   170 |   271 |   467 ||   908
Throw: Javelin           |       |     6 |    11 ||    17
  Use: Scroll            |       |       |     3 ||     3
 Stab: Distracted        |       |       |     3 ||     3
Armor: Chain mail        |    80 |   162 |   182 ||   424
       Scale mail        |     1 |       |       ||     1
Dodge: Dodged            |    24 |    54 |    50 ||   128
Block: Shield            |    77 |   121 |   181 ||   379
